Map: Cactus Valley LE (Void)

Players

Ryung - Winner!

  • Race: Terran Terran
  • Spawn Location: 11:00

Namshar

  • Race: Zerg Zerg
  • Spawn Location: 5:00

Event: IEM XI Katowice - World Championship 2017

VOD

https://youtu.be/lx33Dcx8NX4

Description

Time

  • Played on: Feb. 28, 2017, 10:17 a.m.
  • Length: 16:50

All games in this series

Show
View Real Time Build Order
Export as new Build Order

Ryung Terran - Winner!

Build Orders: Hellion Opening, Reaper Expand, Mech 

Get SALT Encoding   

  12  0:01  SCV  
  13  0:13  SCV  
  14  0:17  Supply Depot  
  14  0:25  SCV  
  14  0:27  Refinery  
  15  0:39  SCV  
  16  0:45  Barracks  
  16  0:51  SCV  
  17  1:03  SCV  
  18  1:15  SCV  
  19  1:31  Orbital Command  
  19  1:32  Reaper  
  20  1:43  Command Center  
  20  1:53  Factory  
  20  1:57  SCV  
  21  2:07  Barracks Reactor  
  21  2:09  SCV  
  21  2:13  Supply Depot  
  22  2:16  Refinery  
  22  2:21  SCV  
  23  2:38  SCV  
  23  2:42  Starport  
  24  2:50  SCV  
  24  2:51  Hellion x2  
  29  2:55  Orbital Command  
  29  3:00  Barracks Tech Lab  
  29  3:02  SCV  
  30  3:12  Hellion x2  
  34  3:14  SCV  
  35  3:22  SCV  
  35  3:26  Viking  
  38  3:28  SCV  
  39  3:37  Supply Depot  
  39  3:38  SCV  
  39  3:40  SCV  
  39  3:41  Hellion  
  43  3:42  Hellion  
  45  3:51  SCV  
  46  3:59  SCV  
  47  4:05  Hellion x2  
  47  4:06  SCV  
  51  4:11  SCV  
  52  4:18  SCV  
  53  4:25  SCV, Command Center  
  53  4:31  Supply Depot, Barracks Reactor  
  54  4:35  Factory  
  54  4:40  Supply Depot  
  54  4:42  Armory  
  54  4:53  SCV x2  
  54  4:54  Refinery x2  
  56  5:00  Cyclone x2  
  56  5:05  SCV x2  
  56  5:06  Supply Depot  
  64  5:17  SCV x2  
  66  5:28  Cyclone x2  
  70  5:29  SCV x2  
  70  5:31  Terran Vehicle Weapons Level 1  
  70  5:32  Factory  
  70  5:35  Hellion x2  
  76  5:38  Orbital Command  
  76  5:41  SCV x2  
  78  5:43  Starport Reactor  
  78  5:50  Supply Depot  
  78  5:53  SCV x2  
  80  5:58  Orbital Command  
  80  6:01  Hellion  
  80  6:05  Factory, SCV x2  
  80  6:06  Factory  
  80  6:10  Hellion  
  84  6:11  Hellion  
  84  6:14  Hellion  
  84  6:16  Refinery  
  84  6:17  SCV x2  
  90  6:20  Refinery  
  90  6:25  SCV  
  90  6:29  SCV  
  86  6:34  Thor  
  86  6:35  SCV  
  86  6:38  SCV  
  94  6:41  SCV  
  94  6:42  Engineering Bay  
  94  6:47  Armory, Hellion x3  
  101  6:59  SCV x2  
  99  7:04  Factory Tech Lab x2  
  99  7:05  Cyclone  
  100  7:09  SCV  
  100  7:11  SCV x2  
  100  7:13  Supply Depot  
  100  7:14  Supply Depot  
  95  7:19  Siege Tank  
  98  7:23  SCV x3  
  98  7:29  Supply Depot x2  
  95  7:30  Missile Turret  
  95  7:31  Terran Vehicle Weapons Level 2, Siege Tank x2  
  95  7:35  SCV  
  95  7:36  SCV  
  103  7:38  Supply Depot  
  103  7:41  SCV  
  103  7:47  SCV  
  103  7:48  SCV  
  103  7:55  Siege Tank  
  103  7:56  Hellion x3  
  103  7:58  SCV  
  109  8:03  Siege Tank  
  104  8:06  Hellion  
  102  8:13  SCV x2  
  102  8:14  Thor  
  102  8:19  Terran Vehicle And Ship Armor Level 1  
  105  8:21  Hellion x2  
  109  8:27  Sensor Tower  
  109  8:31  Siege Tank, Hellion  
  109  8:32  Hellion  
  116  8:40  Supply Depot, Siege Tank  
  116  8:41  Supply Depot  
  119  8:42  Infernal Pre-Igniter, Supply Depot  
  119  8:47  SCV x3  
  122  9:02  Command Center  
  122  9:06  Viking x2  
  126  9:12  SCV x2  
  126  9:13  SCV  
  126  9:15  Siege Tank x3  
  142  9:17  Hellion x3  
  142  9:23  Hellion  
  146  9:36  Viking x2  
  150  9:42  Supply Depot  
  150  9:43  Supply Depot x2, Hellion x3  
  150  9:45  SCV x3  
  151  9:52  Siege Tank x2, Hellion  
  159  10:02  Supply Depot  
  159  10:03  Terran Vehicle Weapons Level 3  
  159  10:10  SCV x2  
  161  10:17  Viking x2  
  155  10:38  Siege Tank x3  
  155  10:39  Hellion x2  
  155  10:40  Hellion  
  166  10:47  Viking x2  
  168  11:04  Planetary Fortress  
  168  11:09  Hellion x4  
  173  11:23  Viking  
  173  11:25  Starport  
  175  11:27  Starport  
  175  11:28  Viking  
  168  11:38  Siege Tank x3  
  168  11:39  Hellion x3  
  164  11:43  Hellion  
  151  12:00  Cyclone x2  
  132  12:08  SCV x2  
  132  12:10  Siege Tank x2, Hellion x2  
  124  12:19  Siege Tank  
  124  12:20  SCV x3  
  118  12:32  SCV  
  118  12:34  SCV x2  
  110  12:44  SCV  
  110  12:46  SCV x2  
  107  12:59  Thor  
  109  13:06  Thor  
  111  13:15  SCV x2  
  111  13:17  Factory Tech Lab  
  111  13:18  SCV  
  112  13:27  SCV x2  
  112  13:30  SCV, Hellion x3  
  112  13:31  Hellion  
  122  13:37  Missile Turret  
  122  13:38  Missile Turret  
  122  13:39  SCV x2, Refinery  
  122  13:40  Thor  
  128  13:42  SCV  
  129  13:51  Siege Tank x2, SCV x2  
  129  13:54  Refinery  
  137  13:59  Terran Vehicle And Ship Armor Level 2, Refinery  
  135  14:04  SCV x3  
  138  14:15  Cyclone x4  
  138  14:25  SCV x3  
  139  14:33  Siege Tank x2  
  139  14:38  Siege Tank  
  148  15:04  Hellion  
  148  15:05  Viking x2, Hellion x3  
  148  15:06  Hellion  
  162  15:13  SCV x3  
  162  15:21  Siege Tank x2  
  168  15:35  Viking x2  
  169  15:44  Starport Tech Lab  
  169  15:45  Starport Tech Lab  
  169  15:51  Siege Tank, Command Center  
  169  15:52  Hellion x4  
  170  16:07  Siege Tank x2  
Show
View Real Time Build Order
Export as new Build Order

Namshar Zerg 

Build Orders: Hatch First 

Get SALT Encoding   

  12  0:00  Drone  
  13  0:12  Overlord  
  13  0:18  Drone  
  14  0:31  Drone x2  
  14  0:34  Drone  
  17  0:52  Hatchery  
  17  0:55  Drone  
  17  0:58  Drone  
  18  1:08  Extractor  
  17  1:13  Spawning Pool  
  17  1:16  Drone  
  17  1:19  Drone  
  18  1:28  Drone  
  19  1:39  Overlord  
  19  1:50  Drone  
  20  2:00  Zergling x2, Queen  
  23  2:03  Queen  
  23  2:04  Zergling x2  
  26  2:11  Metabolic Boost, Drone  
  26  2:15  Drone  
  28  2:23  Drone  
  28  2:25  Drone  
  30  2:34  Drone  
  31  2:39  Drone  
  31  2:44  Hatchery  
  31  2:47  Queen  
  33  2:52  Overlord  
  33  2:57  Drone x2  
  35  3:04  Drone  
  36  3:11  Drone x3  
  36  3:12  Drone  
  40  3:14  Drone x2  
  42  3:21  Overlord  
  42  3:22  Drone x2  
  44  3:37  Overlord  
  44  3:38  Queen  
  44  3:39  Overlord  
  46  3:44  Zergling x4  
  48  3:50  Queen  
  48  3:54  Roach Warren  
  49  3:56  Drone x2  
  51  4:07  Drone  
  51  4:08  Drone x7  
  58  4:16  Zergling x4  
  55  4:20  Drone x2  
  55  4:23  Queen  
  59  4:30  Drone x3  
  62  4:33  Spore Crawler x2  
  62  4:35  Spore Crawler  
  59  4:41  Drone x3  
  59  4:45  Lair  
  61  4:55  Drone x4  
  61  4:56  Overlord x2  
  64  5:10  Evolution Chamber x2  
  62  5:14  Overlord  
  62  5:16  Roach x5  
  72  5:31  Drone x2  
  72  5:32  Overlord x2  
  72  5:33  Overlord  
  74  5:38  Drone  
  74  5:39  Drone x7  
  74  5:41  Extractor  
  74  5:42  Extractor  
  80  5:46  Glial Reconstitution  
  80  5:47  Drone  
  80  5:48  Drone  
  82  5:50  Overseer  
  82  5:54  Extractor  
  82  5:55  Drone  
  82  5:56  Drone x4  
  86  5:59  Extractor  
  86  6:00  Extractor  
  86  6:03  Overlord x2  
  84  6:09  Roach  
  84  6:10  Roach x3  
  84  6:11  Overlord x2  
  91  6:17  Roach  
  93  6:19  Overlord x2  
  93  6:26  Roach  
  93  6:27  Roach  
  97  6:33  Roach x2  
  97  6:34  Overlord x2  
  97  6:35  Drone  
  97  6:36  Drone  
  103  6:41  Drone x3  
  103  6:43  Drone  
  103  6:44  Drone  
  103  6:45  Drone x2  
  110  6:48  Roach x3  
  110  6:53  Hatchery  
  115  6:54  Roach  
  115  6:55  Roach  
  118  7:08  Roach x4  
  123  7:21  Roach  
  123  7:22  Roach x3  
  127  7:25  Drone  
  127  7:26  Drone x6  
  127  7:29  Zerg Missile Weapons Level 1, Zerg Ground Armor Level 1  
  131  7:34  Drone x2  
  131  7:36  Drone  
  134  7:46  Drone x5  
  127  8:00  Drone  
  127  8:01  Drone x5  
  121  8:19  Drone x2  
  105  8:20  Infestation Pit  
  105  8:21  Hydralisk Den  
  105  8:25  Spore Crawler  
  102  8:35  Extractor x2  
  102  8:37  Overlord x4  
  100  8:42  Drone x2  
  100  8:43  Drone x2  
  105  8:48  Drone x2  
  105  8:54  Roach x6  
  115  8:56  Roach x2  
  115  9:02  Hydralisk x5  
  119  9:03  Hydralisk x2, Muscular Augments  
  119  9:04  Hive  
  119  9:05  Spire  
  119  9:06  Hydralisk  
  119  9:07  Hydralisk x2  
  138  9:16  Hydralisk x4  
  144  9:21  Drone  
  147  9:25  Hatchery  
  147  9:28  Hydralisk x6  
  158  9:40  Drone  
  158  9:41  Spire  
  158  9:50  Drone  
  158  9:51  Drone x2  
  161  10:04  Roach x14  
  189  10:10  Zerg Missile Weapons Level 2, Zerg Ground Armor Level 2  
  189  10:15  Hatchery, Extractor  
  189  10:20  Extractor, Ravager x2  
  188  10:21  Ravager  
  188  10:22  Ravager  
  176  10:38  Roach x7  
  176  10:42  Hydralisk x2  
  177  10:43  Roach x4  
  177  10:59  Hydralisk x4  
  177  11:00  Roach  
  177  11:01  Roach x4  
  186  11:09  Greater Spire, Zerg Flyer Weapons Level 1  
  186  11:15  Drone x2  
  186  11:17  Roach x6  
  194  11:29  Hydralisk x2  
  194  11:30  Roach  
  194  11:31  Roach x6  
  192  11:43  Hydralisk x2  
  192  11:44  Roach x5  
  169  12:10  Roach x7  
  151  12:16  Mutalisk x6  
  133  12:24  Mutalisk x2  
  117  12:37  Mutalisk x2  
  104  13:11  Hydralisk x3  
  104  13:12  Roach x2  
  122  13:13  Roach x6  
  122  13:17  Queen  
  122  13:18  Hydralisk  
  122  13:19  Hydralisk, Roach  
  136  13:20  Roach x3  
  136  13:28  Hatchery  
  136  13:31  Ravager x2  
  136  13:32  Ravager  
  138  13:39  Hydralisk, Roach  
  138  13:40  Roach  
  144  13:46  Drone x2  
  144  13:47  Drone x2  
  148  14:00  Hydralisk x6  
  160  14:05  Extractor  
  160  14:06  Hydralisk  
  160  14:07  Hydralisk x2  
  150  14:24  Drone x2  
  150  14:25  Drone x2  
  150  14:26  Drone x3  
  150  14:27  Overlord  
  154  14:33  Viper x2  
  154  14:36  Extractor  
  159  14:39  Queen  
  159  14:45  Viper  
  161  14:49  Drone  
  161  14:50  Drone x5  
  168  14:58  Viper x2  
  172  15:10  Hydralisk  
  172  15:11  Roach x8  
  172  15:22  Hydralisk x2  
  172  15:23  Roach x2  
  172  15:24  Roach  
  173  15:44  Ravager  
  173  15:45  Hydralisk x2, Ravager x3  
  173  15:46  Ravager  
  173  15:47  Extractor  
  173  15:48  Hatchery  
  180  15:51  Extractor  
  174  16:07  Queen  
  176  16:12  Hydralisk x4  
  176  16:13  Hydralisk x3  

Tags
 
Add a new tag
Caveats
  • Supply blocks, unpowered buildings, or Contaminate may cause inaccurate times.
  • Supply counts are checked every 10 seconds.